Map: Catalisador LE

Players

IagoAbreu

  • Race: Zerg Zerg
  • League: Gold
  • Spawn Location: 11:00

Nami - Winner!

  • Race: Protoss Protoss
  • League: Silver
  • Spawn Location: 5:00

VOD

Have the link to the VOD?

Description

Time

  • Played on: April 10, 2018, 3:35 p.m.
  • Length: 30:15
Show
View Real Time Build Order
Export as new Build Order

IagoAbreu Zerg 

Build Orders: Pool First 

Get SALT Encoding   

  12  0:02  Drone  
  13  0:22  Spawning Pool  
  12  0:29  Drone  
  12  0:35  Drone  
  14  0:40  Overlord  
  14  0:54  Overlord  
  14  1:15  Hatchery  
  13  1:26  Queen  
  13  1:28  Zergling x2  
  16  1:34  Zergling x2  
  16  1:37  Zergling x2  
  18  1:49  Drone  
  18  1:54  Extractor  
  18  1:56  Extractor  
  18  1:59  Drone  
  18  2:03  Queen  
  20  2:09  Drone  
  21  2:21  Drone  
  22  2:28  Evolution Chamber  
  21  2:42  Queen  
  23  2:44  Drone x2  
  25  3:04  Drone  
  25  3:05  Drone x3  
  29  3:08  Drone  
  31  3:12  Drone  
  31  3:27  Overlord  
  31  3:42  Lair  
  31  3:44  Burrow  
  31  4:03  Extractor  
  31  4:06  Extractor  
  31  4:07  Drone x6  
  32  4:40  Zergling x4  
  32  4:41  Zergling x4  
  32  4:42  Overlord x3  
  36  5:05  Hatchery  
  35  5:26  Overseer  
  35  5:54  Queen  
  37  6:06  Drone x3  
  37  6:07  Drone x2  
  37  6:08  Drone x2  
  44  6:13  Spire  
  44  6:17  Infestation Pit  
  38  6:32  Overseer  
  36  6:36  Zergling x6  
  36  6:37  Zergling x10  
  33  7:26  Queen  
  35  7:43  Hive  
  35  7:48  Drone x2  
  35  7:49  Drone x7  
  35  7:50  Drone x3  
  47  8:03  Overlord x2  
  47  8:29  Drone x3  
  47  8:30  Drone  
  51  8:45  Drone  
  51  8:46  Drone  
  53  8:52  Extractor  
  53  8:55  Extractor  
  51  8:56  Greater Spire  
  51  8:59  Spire  
  50  9:10  Corruptor x5  
  50  9:11  Corruptor  
  50  9:16  Overseer x2  
  62  9:20  Drone x2  
  62  9:21  Drone x3  
  62  9:22  Drone  
  68  9:48  Mutalisk x2  
  68  9:49  Mutalisk  
  74  9:55  Overlord x5  
  74  10:31  Pneumatized Carapace  
  74  10:54  Zerg Flyer Weapons Level 1  
  74  10:56  Zerg Flyer Armor Level 1  
  74  10:58  Corruptor x3  
  74  10:59  Corruptor x5  
  90  11:41  Drone  
  90  11:42  Drone x5  
  90  11:47  Brood Lord  
  98  11:48  Brood Lord  
  98  11:49  Brood Lord x3  
  106  11:57  Drone x3  
  106  11:58  Drone  
  110  12:18  Hatchery  
  109  12:57  Corruptor  
  109  12:58  Corruptor  
  113  13:01  Overlord x3  
  113  13:02  Overlord  
  113  13:11  Zerg Flyer Weapons Level 2  
  113  13:12  Zerg Flyer Armor Level 2  
  113  13:19  Overseer  
  106  13:53  Brood Lord x3  
  106  13:54  Brood Lord  
  114  14:00  Overseer  
  114  14:02  Overseer x3  
  114  14:05  Brood Lord x4  
  114  14:07  Corruptor x2  
  114  14:08  Corruptor x5  
  136  14:23  Queen  
  138  14:26  Drone x3  
  141  14:32  Corruptor  
  141  14:34  Overlord x3  
  143  14:39  Drone  
  144  14:56  Corruptor x4  
  144  14:57  Corruptor  
  154  15:43  Drone x4  
  154  15:44  Drone  
  154  15:49  Corruptor x4  
  163  15:55  Overlord x4  
  167  16:44  Corruptor  
  167  16:45  Corruptor x6  
  167  16:46  Corruptor x4  
  189  16:50  Brood Lord x3  
  189  16:51  Brood Lord  
  197  16:55  Extractor  
  197  16:58  Extractor  
  195  17:14  Zerg Flyer Weapons Level 3  
  195  18:48  Corruptor x2  
  199  18:56  Overlord  
  199  18:57  Overlord x3  
  133  19:32  Corruptor x3  
  133  19:33  Corruptor x8  
  133  19:34  Corruptor x6  
  133  19:35  Corruptor  
  153  19:56  Hatchery x2  
  153  19:57  Hatchery  
  106  20:18  Overseer x3  
  106  20:19  Overseer  
  94  20:31  Corruptor x6  
  94  20:32  Corruptor x4  
  104  20:47  Mutalisk  
  104  20:49  Zergling x2  
  109  20:50  Zergling x14  
  109  20:51  Zergling x12  
  118  21:15  Queen x2  
  122  21:32  Zerg Flyer Armor Level 3  
  122  21:36  Corruptor x5  
  122  21:37  Corruptor  
  134  22:00  Brood Lord x2, Hatchery  
  137  22:17  Brood Lord x2  
  141  22:23  Extractor  
  140  22:42  Extractor  
  127  22:53  Zergling x8  
  127  22:54  Zergling x12  
  127  22:55  Zergling x14  
  127  22:56  Zergling x8  
  123  23:25  Mutalisk x7  
  123  23:26  Mutalisk  
  115  23:41  Mutalisk  
  115  24:02  Zergling x6  
  119  24:03  Zergling x8  
  119  24:04  Zergling x12  
  119  24:05  Zergling x10  
  121  24:13  Brood Lord x2  
  88  24:31  Zergling x2, Drone  
  88  24:32  Zergling x10  
  88  24:33  Zergling x4  
  96  24:43  Zergling x2  
  96  24:44  Zergling x6  
  97  24:51  Brood Lord x3  
  98  24:55  Queen  
  86  25:19  Zergling x10  
  86  25:20  Zergling x12  
  86  25:21  Zergling x4  
  93  25:32  Zergling x4  
  70  25:57  Spawning Pool  
  36  27:06  Spawning Pool  
  21  27:54  Drone x3  
  21  27:55  Zergling x12  
  28  28:26  Hatchery  
  27  28:30  Hatchery  
  26  28:47  Zergling x10  
  26  28:48  Zergling x2  
  32  29:20  Zergling x8  
  32  29:21  Zergling x2  
  25  29:45  Zergling x2, Drone  
Show
View Real Time Build Order
Export as new Build Order

Nami Protoss - Winner!

Build Orders: Zealot Archon 

Get SALT Encoding   

  12  0:15  Pylon  
  12  0:23  Probe (Chrono Boost)  
  13  0:32  Probe (Chrono Boost)  
  14  0:37  Probe (Chrono Boost)  
  14  0:42  Gateway  
  15  0:47  Assimilator  
  15  0:58  Pylon  
  15  1:00  Probe  
  16  1:12  Probe  
  16  1:13  Gateway  
  17  1:24  Probe  
  18  1:28  Pylon  
  18  1:36  Zealot, Probe  
  21  1:50  Cybernetics Core  
  21  1:55  Assimilator  
  21  2:06  Pylon  
  21  2:07  Zealot  
  23  2:20  Forge  
  23  2:21  Probe (Chrono Boost)  
  24  2:30  Warp Gate  
  24  2:48  Twilight Council  
  24  2:52  Stalker (Chrono Boost)  
  24  2:55  Probe (Chrono Boost)  
  28  3:05  Probe (Chrono Boost)  
  28  3:10  Probe (Chrono Boost)  
  29  3:14  Pylon  
  29  3:28  Photon Cannon  
  29  3:47  Photon Cannon  
  29  3:50  Stalker  
  29  3:51  Stalker  
  33  4:09  Dark Shrine  
  33  4:42  Nexus  
  33  4:47  Pylon  
  33  4:57  Charge  
  33  5:00  Protoss Shields Level 1  
  33  5:15  Photon Cannon  
  33  5:22  Photon Cannon  
  33  5:29  Dark Templar x2  
  37  5:58  Photon Cannon  
  37  6:02  Probe (Chrono Boost)  
  38  6:07  Dark Templar  
  38  6:10  Zealot  
  43  6:12  Probe (Chrono Boost)  
  43  6:17  Probe (Chrono Boost)  
  44  6:29  Probe  
  43  7:07  Dark Templar  
  43  7:08  Dark Templar  
  45  7:18  Photon Cannon  
  45  7:22  Shield Battery  
  45  7:23  Probe (Chrono Boost)  
  46  7:30  Assimilator  
  46  7:32  Assimilator  
  46  7:33  Probe (Chrono Boost)  
  46  7:35  Archon  
  47  7:38  Probe (Chrono Boost)  
  48  7:49  Templar Archives, Probe  
  48  7:50  Dark Templar  
  48  7:51  Dark Templar  
  53  7:53  Protoss Ground Armor Level 1  
  53  8:01  Probe  
  53  8:02  Archon  
  54  8:09  Gateway  
  54  8:25  Robotics Facility  
  54  8:30  Pylon  
  54  8:37  Probe (Chrono Boost)  
  55  8:47  Probe (Chrono Boost)  
  55  8:48  Dark Templar x2  
  60  8:52  Probe (Chrono Boost)  
  61  9:07  Gateway  
  61  9:09  Gateway  
  61  9:11  Stargate  
  61  9:24  Probe (Chrono Boost)  
  62  9:32  Psionic Storm  
  62  9:34  Probe (Chrono Boost)  
  63  9:38  Zealot, Probe (Chrono Boost)  
  63  9:39  Zealot x2  
  70  9:50  Probe  
  71  9:55  Nexus  
  71  10:02  Probe  
  72  10:12  Photon Cannon  
  72  10:13  Immortal  
  76  10:30  High Templar  
  76  10:31  High Templar x2  
  82  10:35  Archon  
  82  10:46  Protoss Ground Weapons Level 1  
  82  10:49  Protoss Air Armor Level 1  
  82  10:56  Observer  
  83  11:02  Stalker  
  85  11:11  Void Ray  
  85  11:16  Pylon  
  85  11:17  Pylon  
  89  11:19  Nexus  
  89  11:23  Probe (Chrono Boost)  
  91  11:33  Probe (Chrono Boost)  
  91  11:35  Zealot x2  
  91  11:38  Stalker, Probe (Chrono Boost)  
  97  11:41  Stalker  
  97  11:44  High Templar  
  102  11:50  Probe  
  103  11:57  Void Ray  
  107  12:02  Probe  
  108  12:20  Stargate  
  108  12:24  Stalker  
  108  12:25  Stalker  
  108  12:26  Stalker  
  108  12:27  Stalker  
  116  12:34  Probe (Chrono Boost)  
  117  12:38  Pylon  
  117  12:39  Probe (Chrono Boost)  
  117  12:41  Pylon  
  118  12:49  Probe x2 (Chrono Boost)  
  118  12:51  Void Ray  
  124  12:54  Probe (Chrono Boost)  
  124  12:56  Probe  
  125  13:00  Observer  
  126  13:05  Probe  
  126  13:08  Probe  
  126  13:11  Archon  
  128  13:15  Protoss Shields Level 2 (Chrono Boost)  
  128  13:17  Probe  
  129  13:20  Probe  
  129  13:21  Observer, Protoss Air Weapons Level 1  
  130  13:53  Stalker  
  130  13:54  Stalker x2  
  136  13:58  Stalker x2  
  140  14:03  Void Ray  
  140  14:07  Void Ray  
  148  14:16  Assimilator  
  148  14:20  Assimilator  
  148  14:25  Pylon  
  148  14:28  Pylon  
  148  14:36  Assimilator  
  148  14:40  Assimilator  
  148  14:42  Photon Cannon  
  148  14:43  Probe (Chrono Boost)  
  150  14:45  Photon Cannon  
  150  14:46  Shield Battery, Probe (Chrono Boost)  
  150  14:47  Shield Battery  
  151  14:54  Probe (Chrono Boost)  
  151  14:58  Probe (Chrono Boost)  
  151  14:59  Probe (Chrono Boost)  
  152  15:00  Void Ray  
  152  15:01  Void Ray  
  161  15:07  Probe  
  161  15:09  Probe  
  163  15:14  Pylon  
  163  15:20  Pylon  
  164  15:22  Probe (Chrono Boost)  
  164  15:23  Pylon  
  164  15:30  Pylon  
  164  15:34  Probe (Chrono Boost)  
  164  15:35  Gateway x2  
  166  15:36  Probe (Chrono Boost)  
  166  15:38  Gateway, Probe (Chrono Boost)  
  166  15:39  Gateway  
  167  15:43  Gateway  
  167  15:50  Probe  
  167  15:51  Protoss Shields Level 3  
  167  15:53  Gateway  
  168  16:02  Probe  
  168  16:04  Observer  
  170  16:11  Robotics Bay  
  170  16:14  Probe  
  171  16:19  Fleet Beacon, Void Ray x2  
  179  16:29  Stargate  
  178  17:09  Void Ray x2  
  178  17:11  Protoss Air Armor Level 2  
  178  17:15  Void Ray  
  190  17:21  Pylon  
  190  17:28  Graviton Catapult  
  190  17:50  Mothership (Chrono Boost)  
  198  18:21  Warp Prism  
  200  18:46  Cybernetics Core  
  114  20:21  Stalker x2  
  114  20:22  Stalker x3  
  114  20:23  Stalker  
  114  20:24  Stalker  
  114  20:25  Stalker  
  98  20:38  Void Ray x3  
  104  21:08  Stalker  
  104  21:09  Stalker x3  
  104  21:10  Stalker  
  104  21:11  Stalker x2  
  116  21:13  Stalker  
  116  21:15  Dark Templar x2  
  124  21:22  Observer  
  125  21:29  Carrier x2  
  125  21:30  Carrier  
  125  21:32  Protoss Air Weapons Level 2  
  143  21:35  Protoss Ground Weapons Level 2  
  143  21:37  Protoss Air Armor Level 3  
  143  21:43  Observer Gravitic Boosters  
  143  21:45  Stargate  
  143  21:52  Dark Templar x2  
  143  21:53  Dark Templar x2  
  151  22:01  Archon  
  151  22:02  Archon x2  
  151  22:07  Zealot  
  151  22:08  Zealot  
  155  22:09  Zealot  
  155  22:11  Zealot x2  
  155  22:14  Zealot  
  163  22:32  Stargate  
  163  22:36  Stargate  
  163  22:41  Stargate  
  120  24:02  Stalker  
  122  24:03  Stalker x2  
  122  24:04  Stalker x3  
  122  24:05  Stalker  
  122  24:06  Stalker x2  
  132  24:54  Stalker x2  
  132  24:55  Stalker  
  138  25:24  Stalker x2  
  138  25:25  Stalker x3  
  138  25:26  Stalker  
  138  25:27  Stalker x2  
  150  25:28  Stalker  
  150  25:29  Stalker  
  152  26:08  Stalker  
  152  26:09  Stalker x2  
  152  26:10  Stalker x3  
  164  26:11  Stalker  
  160  27:56  Dark Templar x2  
  160  27:57  Dark Templar  
  160  27:58  Dark Templar  
  165  29:03  Observer (Chrono Boost)  
  166  29:17  Observer (Chrono Boost)  
  167  29:36  Observer  
Tags
 
Add a new tag
Caveats
  • Supply blocks, unpowered buildings, or Contaminate may cause inaccurate times.
  • Supply counts are checked every 10 seconds.